 Dungeon Crawl Stone Soup version 0.22-a0-866-geee5034 (webtiles) character file.

318 Johnny the Digger (level 6, -9/44 HPs)
             Began as a Human Earth Elementalist on July 28, 2018.
             Splashed by Ijyb's acid (11 damage)
             ... on level 3 of the Dungeon.
             The game lasted 00:03:41 (2600 turns).

Johnny the Digger (Human Earth Elementalist)        Turns: 2600, Time: 00:03:42

Health: -9/44      AC:  2    Str:  8    XL:     6   Next: 74%
Magic:  7/11       EV: 13    Int: 16    God:
Gold:   155        SH:  0    Dex: 13    Spells: 11/12 levels left

rFire    . . .     SeeInvis .   j - +0 hunting sling
rCold    . . .     Gourm    .   (no shield)
rNeg     . . .     Faith    .   c - +0 robe
rPois    .         Spirit   .   (no helmet)
rElec    .         Reflect  .   (no cloak)
rCorr    .         Harm     .   (no gloves)
MR       .....                  (no boots)
Stlth    ++........             (no amulet)
HPRegen  0.54/turn              (no ring)
MPRegen  0.12/turn              (no ring)

@: drained
A: blurry vision 1, dopey 1, sense surroundings 1, regeneration 1
a: no special abilities


You were on level 3 of the Dungeon.
You were not hungry.

You visited 1 branch of the dungeon, and saw 3 of its levels.

You collected 155 gold pieces.

Inventory:

Hand Weapons
 j - a +0 hunting sling (weapon)
Missiles
 b - 59 stones (quivered)
Armour
 c - a +0 robe (worn)
Jewellery
 n - an uncursed ring of stealth {unknown}
Wands
 p - a wand of digging (13)
Scrolls
 e - 4 scrolls of teleportation {unknown}
 k - a scroll of amnesia {unknown}
 l - 5 scrolls of identify {unknown}
 m - a scroll of remove curse {unknown}
 o - a scroll of enchant weapon {unknown}
Potions
 a - a potion of heal wounds
 f - a potion of curing {unknown}
 g - 3 potions of mutation
 h - a potion of lignification {unknown}
 q - a potion of brilliance {unknown}
Comestibles
 d - 5 rations
 i - 4 chunks of flesh


   Skills:
 + Level 1.9(1.5) Fighting
 + Level 2.0(1.6) Armour
 + Level 2.9(2.5) Dodging
 - Level 2.0(1.5) Stealth
 * Level 3.5(3.1) Spellcasting
   Level 1.0(0.6) Transmutations
 * Level 4.5(4.1) Earth Magic
 + Level 1.0(0.6) Evocations


You had 11 spell levels left.
You knew the following spells:

 Your Spells              Type           Power        Failure   Level  Hunger
a - Sandblast             Erth           ###...       3%          1    #......

Your spell library contained the following spells:

 Spells                   Type           Power        Failure   Level  Hunger
 Stone Arrow              Conj/Erth      #.....       24%         3    ###....
 Passwall                 Tmut/Erth      ##......     11%         2    ##.....
 Lee's Rapid Deconstruct  Erth           ###.......   67%         5    ######.
 Petrify                  Tmut/Erth      ##......     56%         4    #####..


Dungeon Overview and Level Annotations

Branches:
Dungeon (3/15)

Altars:
Makhleb

Annotations:
D:3 Ijyb


Innate Abilities, Weirdness & Mutations

Scrolls take you a little longer to read.
You are dopey. (Int -2)
You passively map a small area around you.
Your natural rate of healing is unusually fast.


Message History

Casting: Sandblast (safe; 3% risk of failure)
Confirm with . or Enter, or press ? or * to list all spells.
Aiming: Sandblast (safe; 3% risk of failure)
Press: ? - help, Shift-Dir - straight line, f/p - Ijyb
Aim: Ijyb, wielding a club, wearing a runed leather armour and carrying a wand of acid (9) (lightly wounded)
The blast of sand hits Ijyb.
Ijyb is lightly wounded.
b - 60 stones
Casting: Sandblast (safe; 3% risk of failure)
Confirm with . or Enter, or press ? or * to list all spells.
Aiming: Sandblast (safe; 3% risk of failure)
Press: ? - help, Shift-Dir - straight line, f/p - Ijyb
Aim: Ijyb, wielding a club, wearing a runed leather armour and carrying a wand of acid (9) (lightly wounded)
The blast of sand hits Ijyb.
Ijyb is lightly wounded.
b - 59 stones Ijyb zaps a wand.
The bolt of acid hits you!
* * * LOW HITPOINT WARNING * * *
You are splashed with acid!
The acid burns!
You die...

, * * ###
..( ###.#
## , ,
#.g.# .#
, ,
#@#####.#
, *
#...#...#
,
###.#..#*
#....# *
####.# ,
* #.#
##+# ,
#.# ##...
, #.#
##.... ,
##.##
##..<..


You could see Ijyb.

Vanquished Creatures
  A bullfrog (D:2)
  3 wights (D:3)
  A gnoll (D:1)
  6 adders
  2 worms (D:2)
  2 leopard geckos
  A ball python (D:2)
  4 bats
  4 giant cockroaches
  5 goblins
  12 hobgoblins
  5 jackals
  8 kobolds
  6 frilled lizards
  6 rats
66 creatures vanquished.

Notes
Turn   | Place    | Note
-------+----------+-------------------------------------------
     0 | D:1      | Johnny the Human Earth Elementalist began the quest for the Orb.
     0 | D:1      | Reached XP level 1. HP: 13/13 MP: 3/3
    42 | D:1      | Reached XP level 2. HP: 16/20 MP: 0/5
   270 | D:1      | Reached XP level 3. HP: 16/25 MP: 0/6
  1077 | D:2      | Reached XP level 4. HP: 18/31 MP: 3/7
  1113 | D:2      | Reached skill level 1 in Fighting
  1356 | D:2      | Reached skill level 1 in Armour
  1518 | D:2      | Noticed a bullfrog
  1525 | D:2      | Killed a bullfrog
  1525 | D:2      | Reached skill level 4 in Earth Magic
  1525 | D:2      | Reached XP level 5. HP: 14/37 MP: 7/9
  2063 | D:2      | Found a burning altar of Makhleb.
  2065 | D:2      | Noticed a balrug
  2069 | D:2      | Noticed a neqoxec
  2069 | D:2      | Noticed a neqoxec
  2277 | D:3      | Reached XP level 6. HP: 27/44 MP: 3/10
  2291 | D:3      | Gained mutation: You passively map a small area around you. [potion of mutation]
  2291 | D:3      | Gained mutation: Scrolls take you a little longer to read. [potion of mutation]
  2291 | D:3      | Gained mutation: You are dopey. (Int -2) [potion of mutation]
  2291 | D:3      | Gained mutation: Your natural rate of healing is unusually fast. [potion of mutation]
  2427 | D:3      | Reached skill level 1 in Evocations
  2595 | D:3      | Noticed Ijyb
  2600 | D:3      | HP: 2/44 [Ijyb/wand of acid (9) (14)]
  2600 | D:3      | Splashed by Ijyb's acid

Vault maps used:
D:1:      dpeg_arrival_tiny_a
D:2:      makhleb_altar_promises_db, first_ration, st_stairs_9
D:3:      nicolae_overflow_hidden_temple, minmay_misc_feat_chi, uniq_ijyb

Skill      XL: |  1  2  3  4  5  6 |
---------------+-------------------+-----
Fighting       | 1 |  1.9
Armour         | 1 2 |  2.0
Spellcasting   | 3 |  3.5
Earth Magic    | 4 |  4.5
Evocations     | 1 |  1.0
Dodging        | |  2.9
Stealth        | |  2.0
Transmutations | |  1.0

Action                   |  1- 3 |  4- 6 || total
-------------------------+-------+-------++-------
Melee: Unarmed           |    56 |       ||    56
 Fire: Hunting sling     |       |   106 ||   106
 Cast: Sandblast         |    46 |    45 ||    91
  Use: Potion            |       |     6 ||     6
  Eat: Chunk             |     1 |     5 ||     6
Armor: Robe              |    11 |     9 ||    20
Dodge: Dodged            |    56 |    46 ||   102

Table legend:
 A = Spawn XP
 B = Non-spawn XP
 C = Spawn XP percentage of total XP
 D = Spawn monster count
 E = Non-spawn monster count
 F = Spawn count percentage of total count
 G = Total turns spent on level
                    A         B        C        D         E        F      G
               +---------+---------+-------+---------+---------+-------+---------
         Total |       0 |     455 |   0.0 |       0 |      66 |   0.0 |  2600
               +---------+---------+-------+---------+---------+-------+---------
           D:1 |       0 |      55 |   0.0 |       0 |      24 |   0.0 |   910
           D:2 |       0 |     187 |   0.0 |       0 |      29 |   0.0 |  1212
           D:3 |       0 |     213 |   0.0 |       0 |      13 |   0.0 |   478
               +---------+---------+-------+---------+---------+-------+---------
